 Dungeon Crawl Stone Soup version 0.30-a0-1160-g6e42c06551 (webtiles) character file.

Game seed: 1043555331506119529

470 Lobster4 the Shooter (level 6, -2/52 HPs)
             Began as a Minotaur Hunter on Apr 25, 2023.
             Succumbed to a scorpion's poison
             ... on level 5 of the Dungeon.
             The game lasted 00:07:40 (3788 turns).

Lobster4 the Shooter (Minotaur Hunter)              Turns: 3788, Time: 00:07:40

Health: -2/52      AC:  3    Str: 16    XL:     6   Next: 82%
Magic:  6/6        EV: 13    Int:  6    God:
Gold:   231        SH:  0    Dex: 15    Spells: 5/7 levels left

rFire   . . .        a - +0 shortbow
rCold   . . .        (shield currently unavailable)
rNeg    . . .        c - +0 leather armour
rPois   .            (helmet restricted)
rElec   .            (no cloak)
rCorr   +            (no gloves)
SInv    .            (no boots)
Will    .....        (no amulet)
Stlth   +            f - ring of resist corrosion
HPRegen 0.28/turn    (no ring)
MPRegen 0.10/turn

%: no passive effects
@: lethally poisoned (-2 -> -12), hasted, very quick
A: horns 2, retaliatory headbutt
a: no special abilities


You were on level 5 of the Dungeon.
You visited 1 branch of the dungeon, and saw 5 of its levels.

You collected 231 gold pieces.

Inventory:

Hand Weapons
 a - a +0 shortbow (weapon)
 d - a +0 dagger
 n - a +0 hand axe
 r - a +0 war axe
 z - a +0 short sword
 A - a +2 spear of venom
Missiles
 g - 52 stones
 w - 3 poisoned darts
 x - 5 boomerangs
Armour
 c - a +0 leather armour (worn)
 j - a +0 ring mail
 q - a +0 scale mail
 C - +0 ice dragon scales
Jewellery
 e - a ring of wizardry
 f - a ring of resist corrosion (left hand)
Wands
 t - a wand of flame (25)
Scrolls
 b - a scroll of immolation
 k - a scroll of magic mapping {unknown}
 l - a scroll of acquirement {unknown}
 m - 2 scrolls of teleportation {unknown}
 u - a scroll of vulnerability {unknown}
 v - 2 scrolls of fog {unknown}
 y - a scroll of brand weapon {unknown}
 B - a scroll of butterflies {unknown}
 D - a scroll of amnesia {unknown}
 F - 2 scrolls of fear {unknown}
Potions
 h - a potion of mutation
 i - a potion of lignification {unknown}
 o - a potion of might
 p - 2 potions of curing {unknown}
 s - a potion of brilliance
 E - a potion of haste


   Skills:
 + Level 4.1 Fighting
 * Level 6.3 Ranged Weapons
 + Level 3.0 Armour
 + Level 3.6 Dodging
 - Level 0.7 Stealth
 + Level 1.2 Spellcasting
 + Level 1.3 Transmutations
 + Level 0.7 Evocations


You had 5 spell levels left.
You knew the following spells:

 Your Spells              Type           Power      Damage    Failure   Level
a - Wereblood             Tmut           2%         N/A       41%         2

Your spell library contained the following spells:

 Spells                   Type           Power      Damage    Failure   Level
 Necrotise                Necr           0%         1d4       47%         1
 Sublimation of Blood     Necr           0%         N/A       63%         2
 Summon Hydra             Summ           0%         N/A       100%        7


Dungeon Overview and Level Annotations

Branches:
Dungeon (5/15)
 Temple: D:4-7

Altars:
Makhleb
Vehumet
Wu Jian
Xom

Shops:
D:3 (

Annotations:
D:3 exclusion: orc priest
D:5 exclusion: ogre


Innate Abilities, Weirdness & Mutations

You have a pair of horns on your head.
You reflexively headbutt those who attack you in melee.


Message History

The scorpion stings you.
You shoot an arrow.
The arrow hits the scorpion but does no damage.
The scorpion is moderately wounded.
You feel very sick.
The scorpion stings you but does no damage.
You shoot an arrow. The arrow hits the scorpion!
The scorpion is severely wounded.
You feel sick. The scorpion misses you. The scorpion stings you.
You are too injured to fight recklessly!
You are too injured to fight recklessly!
You are too injured to fight recklessly!
You are too injured to fight recklessly!
You shoot an arrow. The arrow hits the scorpion.
The scorpion is almost dead.
You feel sick. The scorpion stings you.
You shoot an arrow. The arrow barely misses the scorpion.
You feel sick. The scorpion stings you.
You are more poisoned.
The scorpion poisons you! The scorpion stings you.
You are lethally poisoned!
The scorpion poisons you!
You shoot an arrow. The arrow closely misses the scorpion.
* * * LOW HITPOINT WARNING * * *
You feel very sick. The scorpion stings you.
* * * LOW HITPOINT WARNING * * *
You shoot an arrow.
The arrow hits the scorpion but does no damage.
The scorpion is almost dead.
* * * LOW HITPOINT WARNING * * *
You feel very sick.
The scorpion barely misses you. x2; You furiously retaliate!
You headbutt the scorpion!
You kill the scorpion!
Your Armour skill increases to level 3!
* * * LOW HITPOINT WARNING * * *
You feel very sick.
It was a potion of haste.
You feel yourself speed up.
You die...

.......# #########
.......######.......#
.....†.'....'.......#
#......######.......#
######## #........#
#######.........
#.......######..
#.........(.# .
#........##@#
####.###.#...# #'
#......# .. ........#
....##......' ....
#......#. #......#..
#....... ..


There were no monsters in sight!

Vanquished Creatures
  An ogre (D:3)
  2 scorpions
  A hound (D:4)
  An orc priest (D:5)
  3 gnolls (D:2)
  5 adders
  A shadow imp (D:5)
  A white imp (D:5)
  2 worms
  5 dart slugs
  8 orcs
  5 ball pythons
  6 endoplasms
  5 giant cockroaches
  5 goblins
  5 hobgoblins
  11 jackals
  5 kobolds
  4 quokkas
  7 bats
  11 frilled lizards
  5 rats
99 creatures vanquished.

Notes
Turn   | Place    | Note
-------+----------+-------------------------------------------
     0 | D:1      | Lobster4 the Minotaur Hunter began the quest for the Orb.
     0 | D:1      | Reached XP level 1. HP: 18/18 MP: 0/0
     9 | D:1      | You fall into a shaft and drop 1 floor!
    57 | D:2      | Reached XP level 2. HP: 21/25 MP: 1/1
    65 | D:1      | Reached skill level 1 in Armour
   474 | D:1      | Reached XP level 3. HP: 30/30 MP: 2/2
   680 | D:1      | Found a faded altar of an unknown god.
   688 | D:1      | Got Plato's Teachings on the Autopsy
   782 | D:1      | Reached skill level 5 in Ranged Weapons
   888 | D:2      | Learned a level 2 spell: Wereblood
  1188 | D:2      | Reached XP level 4. HP: 12/38 MP: 3/3
  1730 | D:2      | Reached XP level 5. HP: 45/45 MP: 4/4
  1795 | D:3      | Found Huar Naa's Antique Weapon Shoppe.
  1848 | D:3      | Found an ornate altar of the Wu Jian Council.
  2021 | D:3      | Noticed an ogre
  2202 | D:3      | Identified the +6 rapier of Extremism {heavy, rCorr Str+5
                  | Int+2 Dex-2}
  2281 | D:3      | Killed an ogre
  2282 | D:3      | Reached skill level 1 in Transmutations
  2498 | D:3      | Found a burning altar of Makhleb.
  2498 | D:3      | Noticed a cacodemon
  2501 | D:3      | Noticed a hellwing
  2501 | D:3      | Noticed a neqoxec
  2824 | D:4      | Reached skill level 1 in Spellcasting
  2824 | D:4      | Reached XP level 6. HP: 30/52 MP: 6/6
  3063 | D:4      | Found a shimmering altar of Xom.
  3073 | D:4      | Reached skill level 6 in Ranged Weapons
  3172 | D:4      | Found a radiant altar of Vehumet.
  3443 | D:5      | Entered Level 5 of the Dungeon
  3787 | D:5      | HP: 1/52 [poisoned by a scorpion]
  3788 | D:5      | Succumbed to a scorpion's poison

Illustrated notes

Levels and vault maps discovered:
D:1:      dpeg_arrival_long_road, layout_basic, serial_glass, glass_columns_b,
          glass_columns_a, glass_columns_a, glass_columns_a,
          shapermc_ecumenical_altar_rom_forum
D:2:      layout_basic, minmay_split_cup_small
D:3:      layout_loops_ring, makhleb_altar_promises_db,
          nzn_wu_jian_council_hall, serial_shops, shop
D:4:      layout_rooms, mainiacjoe_overflow_catch_the_wave,
          serial_co_window_serial, co_window_paths_b, co_window_corner_a,
          co_window_paths_b, co_window_paths_a, co_window_paths_a,
          co_window_corner_b, co_window_unsneaky_path_d, co_window_paths_c,
          glass_columns_b, glass_columns_a, nrook_loot_triangle
D:5:      layout_basic, mainiacjoe_overflow_tiny_flanked, temple_doors_e,
          st_stairs_6

Skill      XL: |  1  2  3  4  5  6 |
---------------+-------------------+-----
Armour         | 1 2 3 |  3.0
Ranged Weapons | 5 6 |  6.3
Fighting       | 3 4 |  4.1
Dodging        | 3 |  3.6
Transmutations | 1 |  1.3
Spellcasting   | 1 |  1.2
Stealth        | |  0.7
Evocations     | |  0.7

Action                     |  1- 3 |  4- 6 || total
---------------------------+-------+-------++-------
   Fire: Shortbow          |   104 |   178 ||   282
    Use: Scroll            |       |     4 ||     4
         Potion            |       |     3 ||     3
 Armour: Leather armour    |    13 |    12 ||    25
  Dodge: Dodged            |    48 |    42 ||    90

Table legend: (Time is in decaauts)
 A = Elapsed time spent in this place.
 B = Non-inter-level travel time spent in this place.
 C = Inter-level travel time spent in this place.
 D = Time resting spent in this place.
 E = Time spent auto-exploring this place.
 F = Levels seen in this place.
 G = Mean time per level.
                   A        B        C        D        E       F      G
               +--------+--------+--------+--------+--------+-----+--------+
         Total |   3863 |   3636 |    227 |     23 |   2992 |   5 |  772.6 |
       Dungeon |   3863 |   3636 |    227 |     23 |   2992 |   5 |  772.6 |
               +--------+--------+--------+--------+--------+-----+--------+

Top non-repeatable levels by time:
     D:2: 1058 daAuts
     D:3: 883 daAuts
     D:1: 832 daAuts
     D:4: 766 daAuts
     D:5: 323 daAuts
